 Dungeon Sprint DCSS version 0.19-a0-1932-g59670f6 (webtiles) character file.

53707 poirepourri the Ninja (level 13, -1/62 HPs)
             Began as a Spriggan Enchanter on Oct 25, 2016.
             Was the Champion of Dithmenos.
             Slain by Mennas
             ... wielding a +5 trishula of holy wrath
              (18 damage)
             ... in the Dungeon (Sprint III: "The Ten Rune Challenge").
             The game lasted 00:22:00 (6030 turns).

poirepourri the Ninja (Spriggan Enchanter)          Turns: 6030, Time: 00:22:01

Health: -1/62      AC: 10    Str:  7    XL:     13   Next: 76%
Magic:  0/39       EV: 28    Int: 16    God:    Dithmenos [******]
Gold:   699        SH:  0    Dex: 25    Spells: 5 memorised, 43 levels left

rFire  . . .     SeeInvis +     a - +1 dagger
rCold  . . .     Gourm    .     y - +2 mottled dragon scales
rNeg   . . .     Faith    .     (shield restricted)
rPois  .         Spirit   +     d - +0 hat {SInv}
rElec  +         Reflect  .     x - +1 cloak
rCorr  .         Harm     .     (gloves unavailable)
MR     ++...     NoTele   +     (boots unavailable)
Stlth  +++++++++.               v - amulet of guardian spirit
                                t - ring of the Hare {rElec Str+3 Dex+3}
                                u - ring of wizardry

@: silenced, very quick
A: unfitting armour, see invisible, herbivore 3, speed 3, slow metabolism 2
a: Renounce Religion
}: 1/10 runes: barnacled


You were in the Dungeon.
You worshipped Dithmenos.
Dithmenos was exalted by your worship.
You were full.

You visited 1 branch You collected 3847 gold pieces.
You spent 3148 gold pieces at shops.

Inventory:

Hand Weapons
 a - a +1 dagger (weapon)
 r - a +0 blowgun
Missiles
 w - 10 needles of frenzy
Armour
 b - a +1 robe
 d - a +0 hat of see invisible (worn)
 x - a +1 cloak (worn)
 y - +2 mottled dragon scales (worn)
Jewellery
 t - the ring of the Hare (right hand) {rElec Str+3 Dex+3}
   (You bought it in a shop in the Dungeon)

   [ring of dexterity]

   It affects your strength (+3).
   It affects your dexterity (+3).
   It insulates you from electricity.
 u - a ring of wizardry (left hand)
 v - an amulet of guardian spirit (around neck)
Wands
 m - a wand of lightning (1/15)
 z - a wand of digging (7/24)
Scrolls
 n - 2 scrolls of remove curse
Potions
 e - 5 potions of curing
 g - a potion of haste
 h - a potion of ambrosia {unknown}
 i - 2 potions of berserk rage
 j - a potion of cancellation {unknown}
 k - 2 potions of mutation
 p - 2 potions of cure mutation
 q - 2 potions of flight
 s - a potion of might
Books
 c - a book of Maledictions

   Spells                             Type                      Level
   a - Corona                         Hexes                        1
   b - Ensorcelled Hibernation        Hexes/Ice                    2
   c - Confuse                        Hexes                        3
   d - Tukima's Dance                 Hexes                        3
   e - Dazzling Spray                 Conjuration/Hexes            3
Comestibles
 l - 6 fruits
 o - 25 royal jellies


   Skills:
 + Level 4.3 Fighting
 + Level 10.6 Short Blades
 + Level 11.3 Dodging
 O Level 27 Stealth
 + Level 21.8 Spellcasting
 + Level 6.0 Conjurations
 + Level 20.5 Hexes
 + Level 7.9 Ice Magic
 + Level 3.7 Invocations
 + Level 1.3 Evocations


You had 43 spell levels left.
You knew the following spells:

 Your Spells              Type           Power        Failure   Level  Hunger
a - Corona                Hex            ######.      0%          1    None
b - Ensorcelled Hibernat  Hex/Ice        ######       1%          2    None
c - Confuse               Hex            ######..     0%          3    None
d - Tukima's Dance        Hex            ######..     0%          3    None
e - Dazzling Spray        Conj/Hex       ######       1%          3    None


Dungeon Overview and Level Annotations

Branches:
Dungeon (1/1)

Altars:
Cheibriados
Dithmenos
Elyvilon
Fedhas
Gozag
Hepliaklqana
Kikubaaqudgha
Makhleb
Nemelex Xobeh
Okawaru
Qazlal
Ru
Sif Muna
Trog
Uskayaw
Vehumet
Xom
Yredelemnul
Zin
The Shining One
Beogh
Jiyva
Lugonu

Shops:
D :%(!=}[

Annotations:
D Mennas


Innate Abilities, Weirdness & Mutations

You are very small and have problems with some larger weapons.
You are too small for most types of armour.
You have supernaturally acute eyesight. (SInv)
You are a herbivore.
You cover ground extremely quickly.
You need consume almost no food.


Message History

You emit a cloud of dark smoke.
Mennas completely misses you. Mennas closely misses you.
Okay, then.
Okay, then.
The sun demon completely misses you. Mennas hits you but does no damage.
Mennas barely misses you. Mennas misses you.
Mennas hits you from afar with a trishula of holy wrath!
* * * LOW HITPOINT WARNING * * *
You feel much better. The sun demon completely misses you.
Mennas hits you from afar with a trishula of holy wrath.
You emit a cloud of dark smoke.
Mennas hits you from afar with a trishula of holy wrath!
* * * LOW HITPOINT WARNING * * *
Unknown command.
Okay, then.
Okay, then.
The sun demon completely misses you.
Mennas hits you with a trishula of holy wrath!!
You die...

▓▓▓▓▓ ######## ###..#.#########
### #__[#__###.##∩##§§§§#...#
[..'
#__)#._#.......A@3#§#.))##≈≈≈≈#
#'###'##..).....#§#.#)..≈≈≈33..
....)..#).).....###.#.))##≈≈≈≈#
...Y..)#.##.#..Y.##.'...# .e.'
######Y#).#..#.#..####### ###
#__#...#)########################
#__#...#..≈§§+.#.(..A'.#.#.#.'...
#__#..)#)#≈§§#.#.#().##.#.#.##...
#__#...).#§§§#.#.#.).#.#.#.#.#...


You could see Mennas, a dire elephant (wandering) and a sun demon.

Vanquished Creatures
  Rupert (D)
  A kraken (D)
  Gastronok (D)
  4 azure jellies (D)
  Dowan (D)
  A deep elf demonologist (D)
  A dire elephant (D)
  A deep elf annihilator (D)
  Snorg (D)
  A deep elf high priest (D)
  2 hydras (D)
  A centaur warrior (D)
  3 alligator snapping turtles (D)
  4 death yaks (D)
  Urug (D)
  3 orc high priests (D)
  A death drake (D)
  An unseen horror (D)
  A spriggan druid (D)
  A lindwurm (D)
  An orange crystal statue (D)
  3 orc knights (D)
  6 deep elf magi (D)
  2 crystal guardians (D)
  2 black mambas (D)
  2 elephants (D)
  2 spiny frogs (D)
  Duvessa (D)
  A komodo dragon (D)
  A rime drake (D)
  A queen bee (D)
  3 wandering mushrooms (D)
  A hornet (D)
  2 tyrant leeches (D)
  8 blink frogs (D)
  3 snapping turtles (D)
  3 redbacks (D)
  2 spriggans (D)
  A shadow (D)
  A spatial vortex (D)
  An orc warrior (D)
  3 swamp drakes (D)
  A necrophage (D)
  2 centaurs (D)
  An earth elemental (D)
  A water elemental (D)
  32 killer bees (D)
  An electric eel (D)
  A jelly (D)
  2 orc priests (D)
  A wizard (D)
  Jessica (D)
  2 orc wizards (D)
  A necromancer (D)
  3 humans (D)
  A kobold demonologist (D)
  An ooze (D)
  A phantom (D)
  10 orcs (D)
  A hobgoblin (D)
  2 rats (D)
  A ballistomycete (D)
  A fungus (D)
  3 plants (D)
151 creatures vanquished.

Vanquished Creatures (others)
  3 deep elf blademasters (D)
  2 draconian scorchers (D)
  Nessos (D)
  A glowing orange brain (D)
  A stone giant skeleton (D)
  3 yaktaurs (D)
  6 hellions (D)
  2 spriggan defenders (D)
  A hornet (D)
  A statue (D)
  3 ball lightnings (D)
  17 ballistomycetes (D)
  9 ballistomycete spores (D)
  A fungus (D)
  36 plants (D)
87 creatures vanquished.

Grand Total: 238 creatures vanquished

Notes
Turn   | Place    | Note
-------+----------+-------------------------------------------
     0 | D        | poirepourri the Spriggan Enchanter began the quest for the Orb.
     0 | D        | Reached XP level 1. HP: 9/9 MP: 5/5
    12 | D        | Reached skill level 5 in Stealth
    34 | D        | Killed a yaktaur
    45 | D        | Noticed Jessica
    50 | D        | Killed Jessica
    50 | D        | Reached skill level 7 in Stealth
    50 | D        | Reached skill level 5 in Hexes
    50 | D        | Reached XP level 2. HP: 13/13 MP: 6/8
    50 | D        | Reached XP level 3. HP: 16/16 MP: 6/9
    54 | D        | Learned a level 2 spell: Ensorcelled Hibernation
    58 | D        | Learned a level 3 spell: Confuse
    62 | D        | Learned a level 3 spell: Tukima's Dance
   142 | D        | Killed a hellion
   147 | D        | Killed a hellion
   194 | D        | Killed a hellion
   203 | D        | Killed a hellion
   210 | D        | Killed a white draconian scorcher
   232 | D        | Killed a hellion
   233 | D        | Noticed a water elemental
   236 | D        | Killed a water elemental
   236 | D        | Reached skill level 5 in Dodging
   236 | D        | Reached skill level 9 in Stealth
   236 | D        | Reached skill level 5 in Spellcasting
   236 | D        | Reached XP level 4. HP: 21/21 MP: 10/12
   236 | D        | Killed a hellion
   255 | D        | Found a radiant altar of Vehumet.
   255 | D        | Found a deep blue altar of Sif Muna.
   255 | D        | Found an ancient bone altar of Kikubaaqudgha.
   255 | D        | Noticed a wizard
   257 | D        | Killed a wizard
   257 | D        | Reached skill level 10 in Stealth
   259 | D        | Reached XP level 5. HP: 25/25 MP: 14/14
   272 | D        | Learned a level 3 spell: Dazzling Spray
   273 | D        | Found a glowing silver altar of Zin.
   273 | D        | Found a glowing golden altar of the Shining One.
   273 | D        | Found a white marble altar of Elyvilon.
   274 | D        | Noticed a deep elf mage
   276 | D        | Killed a deep elf mage
   276 | D        | Reached skill level 14 in Stealth
   276 | D        | Reached XP level 6. HP: 29/29 MP: 14/18
   276 | D        | Reached XP level 7. HP: 32/32 MP: 15/20
   280 | D        | Killed a white draconian scorcher
   311 | D        | Found a basalt altar of Yredelemnul.
   311 | D        | Found a shadowy altar of Dithmenos.
   311 | D        | Found a sacrificial altar of Ru.
   321 | D        | Reached skill level 1 in Fighting
   321 | D        | Reached skill level 15 in Stealth
   321 | D        | Reached skill level 10 in Hexes
   325 | D        | Became a worshipper of Dithmenos the Shadowed
   353 | D        | Found a hide-covered altar of Uskayaw.
   353 | D        | Found a roughly hewn altar of Beogh.
   353 | D        | Found an iron altar of Okawaru.
   353 | D        | Found a bloodstained altar of Trog.
   353 | D        | Noticed a human
   354 | D        | Noticed a human
   356 | D        | Killed a human
   357 | D        | Killed a human
   357 | D        | Reached skill level 5 in Short Blades
   357 | D        | Reached skill level 16 in Stealth
   372 | D        | Noticed a shadow
   375 | D        | Killed a shadow
   375 | D        | Reached * piety under Dithmenos
   375 | D        | Reached XP level 8. HP: 34/37 MP: 22/22
   397 | D        | Found a blossoming altar of Fedhas.
   397 | D        | Found a stormy altar of Qazlal.
   397 | D        | Found a snail-covered altar of Cheibriados.
   397 | D        | Found a burning altar of Makhleb.
   397 | D        | Found a shimmering altar of Xom.
   398 | D        | Found a hazy altar of Hepliaklqana.
   398 | D        | Found an opulent altar of Gozag.
   398 | D        | Found a sparkling altar of Nemelex Xobeh.
   398 | D        | Found a corrupted altar of Lugonu.
   398 | D        | Found a viscous altar of Jiyva.
   409 | D        | Noticed Snorg
   412 | D        | Killed Snorg
   412 | D        | Reached ** piety under Dithmenos
   412 | D        | Reached skill level 18 in Stealth
   412 | D        | Reached skill level 10 in Spellcasting
   412 | D        | Reached XP level 9. HP: 42/42 MP: 22/24
   420 | D        | Reached skill level 19 in Stealth
   427 | D        | Noticed a centaur warrior
   438 | D        | Killed a centaur warrior
   438 | D        | Reached *** piety under Dithmenos
   438 | D        | Reached skill level 20 in Stealth
   558 | D        | Noticed an unseen horror
   560 | D        | Killed an unseen horror
   560 | D        | Reached skill level 21 in Stealth
   560 | D        | Reached skill level 1 in Conjurations
   573 | D        | Noticed a wandering mushroom
   577 | D        | Killed a wandering mushroom
   579 | D        | Noticed a wandering mushroom
   581 | D        | Killed a wandering mushroom
   581 | D        | Reached XP level 10. HP: 47/47 MP: 18/25
   585 | D        | Reached **** piety under Dithmenos
   585 | D        | Reached skill level 22 in Stealth
   671 | D        | Reached ***** piety under Dithmenos
   768 | D        | Reached ****** piety under Dithmenos
  1038 | D        | Reached skill level 23 in Stealth
  1220 | D        | Noticed Dowan
  1220 | D        | Noticed Duvessa
  1224 | D        | Killed Dowan
  1224 | D        | Reached skill level 10 in Dodging
  1235 | D        | Killed Duvessa
  1235 | D        | Reached skill level 5 in Ice Magic
  1303 | D        | Found Woopnais's Jewellery Boutique.
  1303 | D        | Noticed an orc knight
  1303 | D        | Noticed an orc knight
  1303 | D        | Noticed an orc high priest
  1303 | D        | Noticed an orc knight
  1359 | D        | Killed an orc knight
  1359 | D        | Reached skill level 24 in Stealth
  1359 | D        | Reached XP level 11. HP: 52/52 MP: 19/28
  1373 | D        | Noticed a soul eater
  1373 | D        | Killed an orc high priest
  1373 | D        | Reached skill level 10 in Short Blades
  1435 | D        | Killed an orc knight
  1450 | D        | Killed an orc knight
  1601 | D        | Bought the ring of the Hare {rElec Str+3 Dex+3} for 468 gold pieces
  1601 | D        | Bought an uncursed ring of wizardry for 390 gold pieces
  1644 | D        | Noticed a deep elf mage
  1644 | D        | Noticed a deep elf mage
  1644 | D        | Noticed a deep elf mage
  1644 | D        | Noticed a deep elf mage
  1644 | D        | Noticed a deep elf mage
  1651 | D        | Noticed a deep elf annihilator
  1653 | D        | Killed a deep elf mage
  1653 | D        | Reached skill level 25 in Stealth
  1654 | D        | Killed a deep elf mage
  1656 | D        | Killed a deep elf mage
  1658 | D        | Killed a deep elf mage
  1659 | D        | Killed a deep elf mage
  1663 | D        | Noticed a deep elf demonologist
  1665 | D        | Noticed a reaper
  1666 | D        | Killed a deep elf demonologist
  1666 | D        | Reached skill level 26 in Stealth
  1667 | D        | Noticed a deep elf annihilator
  1668 | D        | Noticed a deep elf demonologist
  1670 | D        | Noticed a deep elf high priest
  1723 | D        | Killed a deep elf annihilator
  1911 | D        | Bought an uncursed amulet of guardian spirit for 390 gold pieces
  2318 | D        | Killed a deep elf high priest
  2318 | D        | Reached skill level 15 in Spellcasting
  2468 | D        | Reached skill level 15 in Hexes
  2610 | D        | Noticed an orange crystal statue
  2619 | D        | Killed an orange crystal statue
  2699 | D        | Noticed a crystal guardian
  2699 | D        | Noticed a crystal guardian
  2699 | D        | Noticed a crystal guardian
  2699 | D        | Noticed a crystal guardian
  2700 | D        | Killed a crystal guardian
  2703 | D        | Killed a crystal guardian
  2703 | D        | Reached XP level 12. HP: 58/58 MP: 28/32
  2887 | D        | Reached skill level 27 in Stealth
  2887 | D        | Reached skill level 1 in Invocations
  3087 | D        | Noticed Rupert
  3298 | D        | Killed Rupert
  3298 | D        | Reached skill level 1 in Evocations
  3365 | D        | Noticed a dire elephant
  3368 | D        | Noticed a dire elephant
  3381 | D        | Noticed Gastronok
  3437 | D        | Killed Gastronok
  3756 | D        | Killed a dire elephant
  3839 | D        | Noticed an azure jelly
  3839 | D        | Noticed an azure jelly
  3839 | D        | Noticed an azure jelly
  3841 | D        | Noticed an azure jelly
  3895 | D        | Noticed a death yak
  3896 | D        | Noticed a death yak
  3896 | D        | Noticed a death yak
  3896 | D        | Noticed a death yak
  3897 | D        | Killed a death yak
  3897 | D        | Reached skill level 5 in Conjurations
  3898 | D        | Killed a death yak
  3901 | D        | Killed a death yak
  3903 | D        | Killed a death yak
  3916 | D        | Reached XP level 13. HP: 61/61 MP: 17/37
  4022 | D        | Found Oteugh's Book Shoppe.
  4022 | D        | Found Akenk's Food Boutique.
  4027 | D        | Found Nogeil's Antique Weapon Emporium.
  4243 | D        | Killed an azure jelly
  4268 | D        | Killed Nessos
  4316 | D        | Killed a deep elf blademaster
  4353 | D        | Killed a deep elf blademaster
  4369 | D        | Killed an azure jelly
  4370 | D        | Killed an azure jelly
  4371 | D        | Killed an azure jelly
  4386 | D        | Killed a deep elf blademaster
  4409 | D        | Noticed an acid blob
  4639 | D        | Noticed Urug
  4642 | D        | Killed Urug
  4675 | D        | Found a blossoming altar of Fedhas.
  4728 | D        | Noticed a kraken
  4730 | D        | Found Woexygal's Gadget Shop.
  4730 | D        | Found Pelor's Distillery.
  4730 | D        | Found Riyky's Antique Armour Boutique.
  4731 | D        | Killed a kraken
  4985 | D        | Got a barnacled rune of Zot
  4988 | D        | Bought a potion of heal wounds for 50 gold pieces
  4993 | D        | Bought a glowing cloak for 262 gold pieces
  5001 | D        | Bought glowing mottled dragon scales for 1150 gold pieces
  5043 | D        | Bought a wand of digging (8/24) for 288 gold pieces
  5505 | D        | Bought a potion of curing for 30 gold pieces
  5505 | D        | Bought a potion of curing for 30 gold pieces
  5505 | D        | Bought a potion of curing for 30 gold pieces
  5505 | D        | Bought a potion of curing for 30 gold pieces
  5505 | D        | Bought a potion of curing for 30 gold pieces
  5662 | D        | Noticed Mennas
  5908 | D        | Noticed a deep elf death mage
  5938 | D        | Noticed a deep elf blademaster
  6030 | D        | Slain by Mennas

Vault maps used:
D:        dungeon_sprint_mu

Skill      XL: |  1  2  3  4  5  6  7  8  9 10 11 12 13 |
---------------+----------------------------------------+-----
Spellcasting   | 4 5 8 9 10 12 15 19 21 | 21.8
Hexes          | 5 7 9 10 11 13 15 18 20 | 20.5
Stealth        | 7 9 10 14 16 18 21 24 26 27 | 27.0
Dodging        | 4 5 7 8 9 10 11 | 11.3
Short Blades   | 2 3 5 7 9 10 | 10.6
Ice Magic      | 2 3 5 7 |  7.9
Fighting       | 1 2 3 4 |  4.3
Conjurations   | 1 3 5 6 |  6.0
Invocations    | 1 3 |  3.7
Evocations     | 1 |  1.3

Action                   |  1- 3 |  4- 6 |  7- 9 | 10-12 | 13-15 || total
-------------------------+-------+-------+-------+-------+-------++-------
Melee: Dagger            |    12 |     3 |    15 |   282 |    38 ||   350
 Cast: Ensorcelled Hiber |     6 |       |     1 |    83 |    16 ||   106
       Confuse           |     1 |       |     3 |    36 |    20 ||    60
       Dazzling Spray    |       |       |     7 |    62 |    18 ||    87
Invok: Shadow Step       |       |       |       |     3 |     6 ||     9
Evoke: Wand              |       |       |       |     3 |     1 ||     4
  Use: Scroll            |     4 |       |       |     4 |       ||     8
       Potion            |     1 |       |       |     4 |     5 ||    10
 Stab: Sleeping          |     6 |     3 |     9 |    76 |    25 ||   119
       Confused          |     1 |       |     1 |     7 |     5 ||    14
       Invisible         |       |       |     1 |     3 |       ||     4
  Eat: Bread ration      |       |       |       |     1 |       ||     1
       Royal jelly       |       |       |       |     1 |       ||     1
Armor: Robe              |       |       |     1 |     1 |       ||     2
       Mottled dragon sc |       |       |       |       |     1 ||     1
Dodge: Dodged            |    10 |       |    20 |   168 |    41 ||   239
